 Dungeon Crawl Stone Soup version 0.31-a0-202-g547052bce9 (webtiles) character file.

Game seed: 17116160998623534707

7 qw the Shooter (level 1, 0/12 HPs)
             Began as a Deep Elf Hunter on June 26, 2023.
             Slain by a goblin
             ... wielding a +0 dagger
              (3 damage)
             ... on level 1 of the Dungeon.
             The game lasted 00:00:04 (95 turns).

qw the Shooter (Deep Elf Hunter)                      Turns: 95, Time: 00:00:04

Health: 0/12       AC:  3    Str:  8    XL:     1   Next: 83%
Magic:  3/3        EV: 12    Int: 13    God:
Gold:   37         SH:  0    Dex: 18    Spells: 0/0 levels left

rFire   . . .        a - +0 shortbow
rCold   . . .        (shield currently unavailable)
rNeg    . . .        c - +0 leather armour
rPois   .            (no helmet)
rElec   .            (no cloak)
rCorr   .            (no gloves)
SInv    .            (no boots)
Will    .....        (no amulet)
Stlth   ++           (no ring)
HPRegen 0.22/turn    (no ring)
MPRegen 0.08/turn

%: no passive effects
@: no status effects
A: no striking features
a: no special abilities


You were on level 1 of the Dungeon.
You visited 1 branch of the dungeon, and saw 1 of its levels.

You collected 37 gold pieces.


   Skills:
 - Level 1.5 Fighting
 + Level 5.8 Ranged Weapons
 - Level 2.4 Dodging
 - Level 1.2 Stealth


You couldn't memorise any spells.
You didn't know any spells.
Your spell library was empty.

Inventory:

Hand Weapons
 a - a +0 shortbow (weapon)
Armour
 c - a +0 leather armour (worn)
Scrolls
 b - a scroll of butterflies
 d - a scroll of fog {unknown}
 e - a scroll of identify {unknown}

Dungeon Overview and Level Annotations

Branches:
Dungeon (1/15)

Altars:


Message History

The kobold is heavily wounded.
You hear a shout!
A kobold comes into view. It is wielding a +0 club.
You shoot an arrow. The arrow closely misses the kobold. x2
A frilled lizard comes into view.
You shoot an arrow. The frilled lizard hisses angrily.
The arrow hits the kobold but does no damage.
The kobold is moderately wounded.
A giant cockroach comes into view.
A goblin comes into view. It is wielding a +0 dagger.
You shoot an arrow. The arrow closely misses the kobold.
You shoot an arrow.
The arrow hits the kobold but does no damage.
The kobold is moderately wounded.
You shoot an arrow. The arrow closely misses the kobold.
The kobold throws a stone.
The stone barely misses you.
You shoot an arrow. The arrow closely misses the kobold.
The kobold closely misses you.
The kobold throws a stone.
The stone hits you.
You shoot an arrow. The arrow closely misses the kobold.
The kobold hits you but does no damage.
You shoot an arrow. The arrow closely misses the kobold.
The kobold hits you with a +0 short sword.
The kobold hits you with a +0 club. The kobold barely misses you.
The kobold completely misses you.
You shoot an arrow. The arrow barely misses the kobold.
The arrow hits the goblin but does no damage.
The kobold hits you with a +0 short sword.
The kobold barely misses you.
You shoot an arrow. The arrow closely misses the kobold.
The arrow closely misses the goblin.
The kobold hits you with a +0 short sword.
The kobold barely misses you.
You shoot an arrow. The arrow hits the kobold!
You kill the kobold!
The kobold misses you.
You shoot an arrow. The arrow hits the goblin.
The goblin is severely wounded.
The kobold closely misses you. The goblin hits you with a +0 dagger.
You die...

......)# ..#
#..# #..# ..#
#..#####..# ..#
#.........#
..###.......^.#
..............#
........####..#
# # .%......#
#..####.#...#
..####:.#
#....@gl.....
..# #..#
#..###KB###.#
..# #..####..#
...# ..#
#........#
.#...
..####.)......#
.......
..............#
.# ###.
.........###..#
.# .........#
#..# #.
..#####..# #..#


You could see a giant cockroach, a goblin, a kobold and a frilled lizard.

Vanquished Creatures
  A hobgoblin (D:1)
  3 kobolds (D:1)
  A quokka (D:1)
  A ball python (D:1)
6 creatures vanquished.

Notes
Turn   | Place    | Note
-------+----------+-------------------------------------------
     0 | D:1      | qw the Deep Elf Hunter began the quest for the Orb.
     0 | D:1      | Reached XP level 1. HP: 12/12 MP: 3/3
     0 | D:1      | 0 ||| qw: Version: 0.3-a-22-g0ed2b0b
     0 | D:1      | 0 ||| qw: Game counter: 5828
     0 | D:1      | 0 ||| qw: Melee chars always use a shield: true
     0 | D:1      | 0 ||| qw: God list: Okawaru
     0 | D:1      | 0 ||| qw: Allow faded altars: false
     0 | D:1      | 0 ||| qw: Do Orc after clearing Dungeon:15 true
     0 | D:1      | 0 ||| qw: Do second Lair branch before Depths: true
     0 | D:1      | 0 ||| qw: Lair rune preference: random
     0 | D:1      | 0 ||| qw: Goals: Normal
     0 | D:1      | 0 ||| PLANNING D:1-11
    93 | D:1      | HP: 2/12 [kobold/+0 short sword (2)]
    95 | D:1      | Slain by a goblin

Levels and vault maps discovered:
D:1:      dpeg_arrival_boxorama, layout_rooms,
          nicolae_ecumenical_snake_handling, minmay_distorted

Action                     || total
---------------------------++-------
   Fire: Shortbow          ||    24
 Armour: Leather armour    ||     1
  Dodge: Dodged            ||     8

Table legend:
 A = Non-vault XP
 B = Vault XP
 C = Vault XP percentage of total XP
 D = Non-vault monster count
 E = Vault monster count
 F = Vault count percentage of total count
                 A         B        C        D         E       F
            +---------+---------+-------+---------+---------+-------
      Total |       8 |       2 |  20.0 |       5 |       1 |  16.7
            +---------+---------+-------+---------+---------+-------
        D:1 |       8 |       2 |  20.0 |       5 |       1 |  16.7
            +---------+---------+-------+---------+---------+-------
